 Dungeon Crawl Stone Soup version bcrawl-1.41.1 (webtiles) character file.

Game seed: 5753375299236633093

135262 Grimmash the Ducker (level 5, -1/48 HPs)
             Began as a Troll Archaeologist on Apr 20, 2024.
             Slain by an ogre
             ... wielding a cursed -1 giant club
              (9 damage)
             ... on level 4 of the Dungeon.
             The game lasted 00:03:11 (2843 turns).

Grimmash the Ducker (Troll Archaeologist)           Turns: 2843, Time: 00:03:12

Health: -1/48      AC:  7    Str: 20    XL:     5   Next: 23%
Magic:  4/4        EV: 10    Int: 11    God:
Gold:   115        SH:  0    Dex:  8    Spells: 4/4 levels left

rFire    . . .     GDR:     24%   - Claws (15.8)
rCold    . . .     SeeInvis .   (no shield)
rNeg     . . .     Gourm    +   (armour unavailable)
rPois    .         Faith    .   c - +1 hat
rElec    .         Spirit   .   (no cloak)
rCorr    .         Reflect  .   (gloves unavailable)
MR       .....                  (boots unavailable)
Stlth    ++........             (no amulet)
HPRegen  0.58/turn              (no ring)
MPRegen  0.09/turn              (no ring)

@: studying Fighting
A: large, almost no armour, claws 3, fast metabolism 3, gourmand, regeneration
1, AC +6
a: no special abilities


You were on level 4 of the Dungeon.
You were very full.

You visited 1 branch of the dungeon, and saw 4 of its levels.

You collected 115 gold pieces.

Inventory:

Hand Weapons
 b - a +0 blowgun
Missiles
 d - 6 curare-tipped needles
 k - 853 stones (quivered)
 n - 246 arrows
 o - 271 bolts
 p - 2 throwing nets {=f}
 r - 140 javelins
 t - 31 poisoned needles
Armour
 c - a +1 hat (worn)
Scrolls
 a - a scroll of fear {unknown}
 g - a scroll of revelation
 h - a scroll of teleportation {unknown}
 i - 3 scrolls of identify
 l - a scroll of fog {unknown}
 m - a scroll of amnesia {unknown}
 u - a scroll of enchant armour {unknown}
Potions
 f - a potion of haste {unknown}
 j - a potion of heal wounds {unknown}
 q - a potion of curing
 s - a potion of degeneration {unknown}
Comestibles
 e - 7 rations {!d}


   Skills:
 * Level 1.5 Fighting
   Level 1.0 Maces & Flails
 * Level 3.4 Dodging
 + Level 2.1 Stealth
 * Level 3.1 Unarmed Combat


You had 4 spell levels left.
You didn't know any spells.
Your spell library was empty.

Dungeon Overview and Level Annotations

Branches:
Dungeon (4/12)
 Temple: D:4-7

Altars:


Innate Abilities, Weirdness & Mutations

You cannot wear most types of armour.
Your thick skin is tough. (AC +6)
You are too large for most types of armour.
You have claws for hands.
Your metabolism is lightning-fast.
You like to eat raw meat.
Your natural rate of healing is unusually fast.


Message History

You are too injured to fight recklessly!
You are too injured to fight recklessly!
You are too injured to fight recklessly!
You are too injured to fight recklessly!
You are too injured to fight recklessly!
You are too injured to fight recklessly!
You are too injured to fight recklessly!
You are too injured to fight recklessly!
You are too injured to fight recklessly!
You are too injured to fight recklessly!
An ogre is nearby!
An ogre is nearby!
No path to travel!
You are too injured to fight recklessly!
No path to travel!
You are too injured to fight recklessly!
You barely miss the ogre.
The ogre is moderately wounded.
The ogre hits you with a cursed -1 giant club!
You die...

.# .##.. #####.....##
..... ..%. #..# #...
##..## #..# . #
#....###..# ..# ..##
##..#..###.###....#
...###..###..##.@O......
........# ##....###..##.
........## ##..## #
.........## #.##
..........##..#
..######......# ..#
#......### #.#
##.......## #.##
##........


You could see an ogre.

Vanquished Creatures
  2 orc wizards (D:3)
  A worker ant (D:3)
  An adder (D:3)
  4 worms
  4 leopard geckos
  An orc (D:3)
  8 bats
  4 giant cockroaches
  6 goblins
  6 hobgoblins
  5 jackals
  8 kobolds
  2 quokkas
  5 frilled lizards
  8 rats
65 creatures vanquished.

Notes
Turn   | Place    | Note
-------+----------+-------------------------------------------
     0 | D:1      | Grimmash the Troll Archaeologist began the quest for the
                  | Orb.
     0 | D:1      | Reached XP level 1. HP: 18/18 MP: 0/0
   175 | D:1      | Reached XP level 2. HP: 26/26 MP: 1/1
   336 | D:1      | Reached skill level 1 in Fighting
   336 | D:1      | Reached skill level 1 in Unarmed Combat
   708 | D:1      | Reached XP level 3. HP: 29/33 MP: 2/2
  2082 | D:3      | Gained mutation: Your natural rate of healing is unusually
                  | fast. [Troll growth]
  2082 | D:3      | Reached XP level 4. HP: 28/41 MP: 3/3
  2417 | D:3      | Reached XP level 5. HP: 40/48 MP: 4/4
  2417 | D:3      | Identified a scroll of acquirement
  2419 | D:3      | Identified the +3 shortbow "Fowaor" {seek, rC++ Str-3} (You
                  | acquired it on level 3 of the Dungeon)
  2419 | D:3      | Identified the ring "Joruon" {Fire Str+4} (You acquired it
                  | on level 3 of the Dungeon)
  2836 | D:4      | Noticed an ogre
  2843 | D:4      | Slain by an ogre

Skill      XL: |  1  2  3  4 |
---------------+-------------+-----
Fighting       | 1 |  1.5
Unarmed Combat | 1 2 3 |  3.1
Dodging        | 3 |  3.4
Stealth        | 2 |  2.1
Maces & Flails | |  1.0

Action                   |  1- 3 |  4- 6 || total
-------------------------+-------+-------++-------
Melee: Unarmed           |   148 |    76 ||   224
       Punch             |       |     1 ||     1
  Use: Potion            |       |     1 ||     1
       Scroll            |       |     1 ||     1
 Stab: Sleeping          |     3 |     1 ||     4
  Eat: Chunk             |    17 |     9 ||    26
Armor: Skin              |    77 |    30 ||   107
Dodge: Dodged            |   106 |    26 ||   132
